TOP OF THE 1ST |
West Virginia Power batting - Pitching for Memphis Blues : RHP Scott Willerton
|
Pitching: RHP Scott Willerton
|
|
Batting: RHB Pablo Sandoval
|
0-0: Called Strike 0-1: Ball 1-1: Foul Ball, location: 2F 1-2: SINGLE (Flyball, 8RS)
|
Batting: RHB Javier Peña
|
0-0: Ball Pablo Sandoval is caught stealing 2nd base 1-0: Ball 2-0: Ball 3-0: Called Strike 3-1: Base on Balls
|
Batting: RHB Nick Harris
|
0-0: Ball 1-0: Foul Ball, location: 2F 1-1: Ball 2-1: Swinging Strike 2-2: SINGLE (Line Drive, 8LS) Javier Peña to second
|
Batting: RHB Juan Alberto
|
0-0: Called Strike 0-1: Fly out, F9 (Flyball, 89M)
|
Batting: SHB Waylon Adams
|
0-0: Ball 1-0: Swinging Strike 1-1: Ball 2-1: Swinging Strike 2-2: Foul Ball, location: 2F 2-2: Strikes out swinging
|
Top of the 1st over - 0 run(s), 2 hit(s), 0 error(s), 2 left on base; West Virginia 0 - Memphis 0 |
BOTTOM OF THE 1ST |
Memphis Blues batting - Pitching for West Virginia Power : RHP Ron Crawford
|
Pitching: RHP Ron Crawford
|
|
Batting: SHB José Velásquez
|
0-0: Foul Ball, location: 2F 0-1: Fly out, F7 (Flyball, 7LS)
|
Batting: RHB Jaime Spiridon
|
0-0: Called Strike 0-1: Ball 1-1: Ball 2-1: Fly out, F9 (Flyball, 9D)
|
Batting: SHB Terry Dailey
|
0-0: Fly out, F7 (Flyball, 78S)
|
Bottom of the 1st over - 0 run(s), 0 hit(s), 0 error(s), 0 left on base; West Virginia 0 - Memphis 0 |
TOP OF THE 2ND |
West Virginia Power batting - Pitching for Memphis Blues : RHP Scott Willerton
|
Batting: RHB Mike Ingram
|
0-0: Fly out, F4 (Popup, 4MS)
|
Batting: LHB Héctor Soto
|
0-0: Ball 1-0: Ball 2-0: Ball 3-0: Base on Balls
|
Batting: RHB Blair Whitehead
|
0-0: Ball 1-0: Ball 2-0: Ball 3-0: Base on Balls Héctor Soto to second
|
Batting: RHB Brett Bell
|
0-0: Called Strike 0-1: Called Strike 0-2: Ball 1-2: SINGLE (Groundball, 4MD) Héctor Soto to third Blair Whitehead to second Runner from 3rd tries for Home, SAFE, throw made home
|
Now in CF: Mark Folger
|
|
Batting: RHB Pablo Sandoval
|
0-0: Ball 1-0: Ball 2-0: Ball 3-0: Called Strike 3-1: TRIPLE (Line Drive, 78S) Blair Whitehead scores Brett Bell scores
|
Batting: RHB Javier Peña
|
0-0: Foul Ball, location: 2F 0-1: Ball 1-1: Ball 2-1: Foul Ball, location: 2F 2-2: Foul Ball, location: 2F 2-2: SINGLE (Groundball, 34D) Pablo Sandoval scores
|
Batting: RHB Nick Harris
|
0-0: Ball 1-0: Foul Ball, location: 2F 1-1: Ball Javier Peña steals 2nd base 2-1: Foul Ball, location: 2F 2-2: Ground out 5-3 (Groundball, 56S) Javier Peña to third
|
Batting: RHB Juan Alberto
|
0-0: Reached on error, E7 (Flyball, 78S) Javier Peña scores
|
Batting: SHB Waylon Adams
|
0-0: SINGLE (Groundball, 4MD) Juan Alberto to third Runner from 3rd tries for Home, SAFE, no throw
|
Batting: RHB Mike Ingram
|
0-0: Foul Ball, location: 2F 0-1: Ball Waylon Adams steals 2nd base 1-1: Called Strike 1-2: Ball 2-2: Foul Ball, location: 2F 2-2: Fly out, F4 (Line Drive, 4)
|
Top of the 2nd over - 6 run(s), 4 hit(s), 1 error(s), 1 left on base; West Virginia 6 - Memphis 0 |
BOTTOM OF THE 2ND |
Memphis Blues batting - Pitching for West Virginia Power : RHP Ron Crawford
|
Batting: LHB Alan McGilroy
|
0-0: Called Strike 0-1: Ground out U3 (Groundball, 34)
|
Batting: RHB Peter Bishop
|
0-0: Fly out, F7 (Flyball, 78M)
|
Batting: RHB Artie Green
|
0-0: Ball 1-0: SINGLE (Line Drive, 6MD)
|
Batting: LHB Mark Folger
|
0-0: Ball 1-0: Ground out 6-3 (Groundball, 6M)
|
Bottom of the 2nd over - 0 run(s), 1 hit(s), 0 error(s), 1 left on base; West Virginia 6 - Memphis 0 |
TOP OF THE 3RD |
West Virginia Power batting - Pitching for Memphis Blues : RHP Scott Willerton
|
Batting: LHB Héctor Soto
|
0-0: SINGLE (Line Drive, 9LS)
|
Batting: RHB Blair Whitehead
|
0-0: Ball 1-0: Ball 2-0: Called Strike 2-1: Ball 3-1: Base on Balls Héctor Soto to second
|
Batting: RHB Brett Bell
|
0-0: Fielders Choice at 3rd, U5 (Groundball, 5L) Blair Whitehead to second
|
Batting: RHB Pablo Sandoval
|
0-0: Ball 1-0: SINGLE (Flyball, 89S) Blair Whitehead to third Brett Bell to second Runner from 3rd tries for Home, SAFE, throw made at trailing runner, SAFE at third!
|
Pitching: RHP Pedro Vargas
|
|
Batting: RHB Javier Peña
|
0-0: Ball 1-0: Called Strike 1-1: Swinging Strike 1-2: Foul Ball, location: 2F 1-2: Ball 2-2: Foul Ball, location: 2F 2-2: Ball 3-2: Foul Ball, location: 2F 3-2: 3-RUN HOME RUN (Flyball, 7D), Distance : 395 ft
|
Batting: RHB Nick Harris
|
0-0: Foul Ball, location: 2F 0-1: Foul Ball, location: 2F 0-2: Ball 1-2: Fly out, F7 (Line Drive, 7)
|
Batting: RHB Juan Alberto
|
0-0: Ball 1-0: Fly out, F7 (Line Drive, 7S)
|
Top of the 3rd over - 4 run(s), 3 hit(s), 0 error(s), 0 left on base; West Virginia 10 - Memphis 0 |
BOTTOM OF THE 3RD |
Memphis Blues batting - Pitching for West Virginia Power : RHP Ron Crawford
|
Batting: LHB Pedro Ramos
|
0-0: Called Strike 0-1: Ball 1-1: Foul Ball, location: 2F 1-2: Ball 2-2: Foul Ball, location: 2F 2-2: SOLO HOME RUN (Flyball, 9D), Distance : 394 ft
|
Batting: RHB José Ramos
|
0-0: Called Strike 0-1: Ball 1-1: Called Strike 1-2: Ball 2-2: SINGLE (Groundball, 56D)
|
Batting: SHB José Velásquez
|
0-0: Ball 1-0: Foul Ball, location: 2F 1-1: 2-RUN HOME RUN (Line Drive, 8RXD), Distance : 452 ft
|
Batting: RHB Jaime Spiridon
|
0-0: Ball 1-0: Ball 2-0: Foul Ball, location: 2F 2-1: Foul Ball, location: 2F 2-2: Ground out 5-3 (Groundball, 56)
|
Batting: SHB Terry Dailey
|
0-0: DOUBLE (Line Drive, 9LM)
|
Batting: LHB Alan McGilroy
|
0-0: Called Strike 0-1: Ball 1-1: Ball 2-1: Called Strike 2-2: Ball 3-2: Base on Balls
|
Batting: RHB Peter Bishop
|
0-0: Ball 1-0: Foul Ball, location: 2F 1-1: Foul Ball, location: 2F 1-2: Ball 2-2: Foul Ball, location: 2F 2-2: Ball 3-2: Base on Balls Terry Dailey to third Alan McGilroy to second
|
Batting: RHB Artie Green
|
0-0: Foul Ball, location: 2F 0-1: Foul Ball, location: 2F 0-2: Ball 1-2: Ball 2-2: Foul Ball, location: 2F 2-2: Ball 3-2: Foul Ball, location: 2F 3-2: Base on Balls Terry Dailey scores Alan McGilroy to third Peter Bishop to second
|
Batting: LHB Mark Folger
|
0-0: Ball 1-0: Fly out, F7 (Line Drive, 7D) Runner from 3rd tags up, SCORES, no throw Peter Bishop to third
|
Batting: LHB Pedro Ramos
|
0-0: Called Strike 0-1: Ball 1-1: Ground out 4-3 (Groundball, 34)
|
Bottom of the 3rd over - 5 run(s), 4 hit(s), 0 error(s), 2 left on base; West Virginia 10 - Memphis 5 |
TOP OF THE 4TH |
West Virginia Power batting - Pitching for Memphis Blues : RHP Pedro Vargas
|
Batting: SHB Waylon Adams
|
0-0: Called Strike 0-1: Foul Ball, location: 2F 0-2: Strikes out swinging, 2-3 out at first.
|
Batting: RHB Mike Ingram
|
0-0: Called Strike 0-1: Called Strike 0-2: Strikes out swinging
|
Batting: LHB Héctor Soto
|
0-0: Ball 1-0: Ball 2-0: Ball 3-0: Base on Balls
|
Batting: RHB Blair Whitehead
|
0-0: Called Strike 0-1: Foul Ball, location: 2F 0-2: Strikes out swinging
|
Top of the 4th over - 0 run(s), 0 hit(s), 0 error(s), 1 left on base; West Virginia 10 - Memphis 5 |
BOTTOM OF THE 4TH |
Memphis Blues batting - Pitching for West Virginia Power : RHP Ron Crawford
|
Batting: RHB José Ramos
|
0-0: Foul Ball, location: 2F 0-1: Fly out, F8 (Flyball, 8LS)
|
Batting: SHB José Velásquez
|
0-0: Called Strike 0-1: Swinging Strike 0-2: Ball 1-2: Strikes out looking
|
Batting: RHB Jaime Spiridon
|
0-0: Ground out 5-3 (Groundball, 56)
|
Bottom of the 4th over - 0 run(s), 0 hit(s), 0 error(s), 0 left on base; West Virginia 10 - Memphis 5 |
TOP OF THE 5TH |
West Virginia Power batting - Pitching for Memphis Blues : RHP Pedro Vargas
|
Batting: RHB Brett Bell
|
0-0: Foul Ball, location: 2F 0-1: Called Strike 0-2: Strikes out looking
|
Batting: RHB Pablo Sandoval
|
0-0: Ground out 6-3 (Groundball, 6)
|
Batting: RHB Javier Peña
|
0-0: Foul Ball, location: 2F 0-1: Ball 1-1: Foul Ball, location: 2F 1-2: Ball 2-2: Foul Ball, location: 2F 2-2: Ball 3-2: Fly out, F6 (Popup, 6MD)
|
Top of the 5th over - 0 run(s), 0 hit(s), 0 error(s), 0 left on base; West Virginia 10 - Memphis 5 |
BOTTOM OF THE 5TH |
Memphis Blues batting - Pitching for West Virginia Power : RHP Ron Crawford
|
Batting: SHB Terry Dailey
|
0-0: Ball 1-0: Called Strike 1-1: Fly out, F7 (Line Drive, 78S)
|
Batting: LHB Alan McGilroy
|
0-0: Ball 1-0: SINGLE (Groundball, 34D)
|
Batting: RHB Peter Bishop
|
0-0: Ball 1-0: Called Strike 1-1: Foul Ball, location: 2F 1-2: Foul Ball, location: 2F 1-2: Fly out, F8 (Line Drive, 8RM)
|
Batting: RHB Artie Green
|
0-0: Swinging Strike 0-1: Ball 1-1: Foul Ball, location: 2F 1-2: Foul Ball, location: 2F 1-2: Strikes out swinging
|
Bottom of the 5th over - 0 run(s), 1 hit(s), 0 error(s), 1 left on base; West Virginia 10 - Memphis 5 |
TOP OF THE 6TH |
West Virginia Power batting - Pitching for Memphis Blues : RHP Pedro Vargas
|
Batting: RHB Nick Harris
|
0-0: Ball 1-0: Ball 2-0: Swinging Strike 2-1: Ball 3-1: Called Strike 3-2: Foul Ball, location: 2F 3-2: Foul Ball, location: 2F 3-2: Base on Balls
|
Batting: RHB Juan Alberto
|
0-0: Ball 1-0: Ball 2-0: SINGLE (Line Drive, 8LS) Nick Harris to second
|
Batting: SHB Waylon Adams
|
0-0: Called Strike Nick Harris steals 3rd base Juan Alberto to second 0-1: Ball Wild Pitch! Nick Harris scores Juan Alberto to third 1-1: Foul Ball, location: 2F 1-2: Ball 2-2: SINGLE (Line Drive, 7S) Juan Alberto scores
|
Pitching: RHP Carlos Martínez
|
|
Batting: RHB Mike Ingram
|
0-0: Called Strike 0-1: SINGLE (Flyball, 8LS) Waylon Adams to second
|
Batting: LHB Héctor Soto
|
0-0: Ball 1-0: Ball 2-0: DOUBLE (Line Drive, 89M) Waylon Adams scores Mike Ingram to third
|
Batting: RHB Blair Whitehead
|
0-0: Ground out 1-3 (Groundball, P)
|
Batting: RHB Brett Bell
|
0-0: Ball 1-0: Ball 2-0: Called Strike 2-1: Ball 3-1: Ground out 5-3 (Groundball, 56) Mike Ingram scores
|
Batting: RHB Pablo Sandoval
|
0-0: Ball 1-0: Ground out 6-3 (Groundball, 6S)
|
Top of the 6th over - 4 run(s), 4 hit(s), 0 error(s), 1 left on base; West Virginia 14 - Memphis 5 |
TOP OF THE 7TH |
West Virginia Power batting - Pitching for Memphis Blues : RHP Carlos Martínez
|
Batting: RHB Javier Peña
|
0-0: Ball 1-0: Called Strike 1-1: Ball 2-1: Foul Ball, location: 2F 2-2: Foul Ball, location: 2F 2-2: Ball 3-2: Base on Balls
|
Batting: RHB Nick Harris
|
0-0: Ball 1-0: Ball 2-0: Foul Ball, location: 2F 2-1: Ball 3-1: Called Strike 3-2: Ground out 6-3 (Groundball, 6S) Javier Peña to second
|
Batting: RHB Juan Alberto
|
0-0: Called Strike 0-1: Ball 1-1: Called Strike Javier Peña is caught stealing 3rd base 1-2: Foul Ball, location: 2F 1-2: Foul Ball, location: 2F 1-2: Strikes out looking
|
Top of the 7th over - 0 run(s), 0 hit(s), 0 error(s), 0 left on base; West Virginia 14 - Memphis 7 |
BOTTOM OF THE 7TH |
Memphis Blues batting - Pitching for West Virginia Power : LHP John Helms
|
Batting: RHB Peter Bishop
|
0-0: Ball 1-0: Called Strike 1-1: Ball 2-1: Fly out, F4 (Popup, 4D)
|
Batting: RHB Artie Green
|
0-0: Ball 1-0: Foul Ball, location: 2F 1-1: Fly out, F9 (Flyball, 9D)
|
Batting: LHB Mark Folger
|
0-0: Called Strike 0-1: Ball 1-1: Fly out, F9 (Flyball, 9S)
|
Bottom of the 7th over - 0 run(s), 0 hit(s), 0 error(s), 0 left on base; West Virginia 14 - Memphis 7 |
TOP OF THE 8TH |
West Virginia Power batting - Pitching for Memphis Blues : RHP Carlos Martínez
|
Batting: SHB Waylon Adams
|
0-0: Ball 1-0: Called Strike 1-1: Called Strike 1-2: Ball 2-2: Fly out, F8 (Flyball, 8RXD)
|
Batting: RHB Mike Ingram
|
0-0: Ball 1-0: Foul Ball, location: 2F 1-1: Called Strike 1-2: Foul Ball, location: 2F 1-2: Ball 2-2: Ball 3-2: Foul Ball, location: 2F 3-2: Foul Ball, location: 2F 3-2: Ground out 5-3 (Groundball, 56)
|
Batting: LHB Héctor Soto
|
0-0: Ball 1-0: DOUBLE (Flyball, 89XD)
|
Batting: RHB Blair Whitehead
|
0-0: Swinging Strike 0-1: Ball 1-1: Ground out 6-3 (Groundball, 6S)
|
Top of the 8th over - 0 run(s), 1 hit(s), 0 error(s), 1 left on base; West Virginia 14 - Memphis 7 |
BOTTOM OF THE 8TH |
Memphis Blues batting - Pitching for West Virginia Power : LHP John Helms
|
Now at 1B: Jesse McKnight
|
|
Batting: LHB Pedro Ramos
|
0-0: Ball 1-0: Ball 2-0: Ball 3-0: Called Strike 3-1: SOLO HOME RUN (Flyball, 89XD), Distance : 429 ft
|
Batting: RHB José Ramos
|
0-0: Ball 1-0: Called Strike 1-1: Swinging Strike 1-2: Strikes out swinging
|
Batting: SHB José Velásquez
|
0-0: Ball 1-0: Ball 2-0: Ball 3-0: Called Strike 3-1: Base on Balls
|
Batting: RHB Jaime Spiridon
|
0-0: Ball 1-0: Called Strike 1-1: Ball 2-1: Fly out, F9 (Flyball, 9LM)
|
Batting: SHB Terry Dailey
|
0-0: Ball Wild Pitch! José Velásquez to second 1-0: SINGLE (Groundball, 6MD) José Velásquez to third Runner from 3rd tries for Home, SAFE, no throw
|
Batting: LHB Alan McGilroy
|
0-0: Called Strike 0-1: Called Strike 0-2: Foul Ball, location: 2F 0-2: Ball 1-2: Strikes out swinging
|
Bottom of the 8th over - 2 run(s), 2 hit(s), 0 error(s), 1 left on base; West Virginia 14 - Memphis 9 |
TOP OF THE 9TH |
West Virginia Power batting - Pitching for Memphis Blues : RHP Carlos Martínez
|
Pitching: RHP Ramón Flores
|
|
Batting: RHB Brett Bell
|
0-0: Called Strike 0-1: Ball 1-1: SINGLE (Line Drive, 56)
|
Batting: RHB Pablo Sandoval
|
0-0: Ball 1-0: Ball 2-0: Called Strike 2-1: Ball 3-1: Swinging Strike 3-2: Fly out, F4 (Line Drive, 4)
|
Batting: RHB Javier Peña
|
0-0: Ball 1-0: Ball 2-0: Called Strike 2-1: Grounds into double play, 6-4-3 (Groundball, 56D)
|
Top of the 9th over - 0 run(s), 1 hit(s), 0 error(s), 0 left on base; West Virginia 14 - Memphis 9 |
BOTTOM OF THE 9TH |
Memphis Blues batting - Pitching for West Virginia Power : LHP John Helms
|
Batting: RHB Peter Bishop
|
0-0: Ball 1-0: Foul Ball, location: 2F 1-1: Swinging Strike 1-2: Ball 2-2: Foul Ball, location: 2F 2-2: Foul Ball, location: 2F 2-2: Foul Ball, location: 2F 2-2: Foul Ball, location: 2F 2-2: Ball 3-2: Fly out, F7 (Flyball, 78M)
|
Pitching: RHP Rafael Trujillo
|
|
Batting: RHB Artie Green
|
0-0: SINGLE (Line Drive, 78S)
|
Batting: LHB Mark Folger
|
0-0: Grounds into double play, 4-6-3 (Groundball, 4)
|
Bottom of the 9th over - 0 run(s), 1 hit(s), 0 error(s), 0 left on base; West Virginia 14 - Memphis 9 |
|